 Dungeon Crawl Stone Soup version 0.27-a0-448-gace5c5693b (webtiles) character file.

Game seed: 8700163110807888843

34 Anon1729 the Ducker (level 3, -1/30 HPs)
             Began as a Ghoul Gladiator on Feb 28, 2021.
             Slain by an adder (3 damage)
             ... on level 3 of the Dungeon.
             The game lasted 00:01:19 (951 turns).

Anon1729 the Ducker (Ghoul Gladiator)                Turns: 951, Time: 00:01:19

Health: -1/30      AC:  4    Str: 17    XL:     3   Next: 31%
Magic:  2/2        EV: 12    Int:  3    God:
Gold:   147        SH:  0    Dex: 11    Spells: 2/2 levels left

rFire    . . .     SeeInvis .   a - +0 long sword
rCold    + . .     Faith    .   (no shield)
rNeg     + + +     Spirit   .   b - +0 leather armour
rPois    ∞         Reflect  .   c - +0 helmet
rElec    .         Harm     .   (no cloak)
rCorr    .         Rampage  .   (no gloves)
Will     .....                  (no boots)
Stlth    +.........             (no amulet)
HPRegen  0.00/turn              (no ring)
MPRegen  0.08/turn              (no ring)

@: no status effects
A: claws 1, cold resistance 1, negative energy resistance 3, inhibited
regeneration, torment resistance, unbreathing
a: no special abilities


You were on level 3 of the Dungeon.
You visited 1 branch of the dungeon, and saw 3 of its levels.

You collected 147 gold pieces.

Inventory:

Hand Weapons
 a - a +0 long sword (weapon)
Missiles
 d - 3 throwing nets (quivered)
Armour
 b - a +0 leather armour (worn)
 c - a +0 helmet (worn)
Scrolls
 e - a scroll of teleportation {unknown}
 f - a scroll of fog {unknown}
Potions
 g - 4 potions of curing {unknown}
 h - a potion of heal wounds {unknown}
 i - a potion of lignification {unknown}
 j - 2 potions of haste {unknown}


   Skills:
 + Level 2.6 Fighting
 + Level 3.0 Long Blades
 + Level 1.9 Throwing
 + Level 3.3 Dodging


You had 2 spell levels left.
You didn't know any spells.
Your spell library was empty.

Dungeon Overview and Level Annotations

Branches:
Dungeon (3/15)

Altars:


Innate Abilities, Weirdness & Mutations

You thrive by killing the living.
You are immune to poison.
You have sharp fingernails.
Your flesh is cold resistant. (rC+)
You are immune to negative energy. (rN+++)
You do not regenerate when monsters are visible.
You are immune to unholy pain and torment.
You can survive without breathing.


Message History

There is a stone staircase leading up here.
You now have 147 gold pieces (gained 15).
There is a stone staircase leading up here.
Found a stone staircase leading down.
Found a tower shield.
An adder and an orc come into view.
The adder hisses angrily.
An orc comes into view. It is wielding a +0 flail.
An orc comes into view. It is wielding a +0 mace.
Found a stone staircase leading up.
There are monsters nearby!
(D) Dungeon
Where to? (Enter - D:3, ? - help)
There are monsters nearby!
A kobold comes into view. It is wielding a +0 short sword.
The kobold shouts!
The orc shouts! x2; You hear an angry hiss.
A jelly comes into view.
Found a stone staircase leading down.
You see here 20 stones.
There is a stone staircase leading up here.
You miss the adder. The adder misses you. The adder bites you.
You closely miss the adder. The adder bites you but does no damage.
The orc completely misses you.
You riposte.
You hit the orc but do no damage. You closely miss the adder.
The adder bites you but does no damage. The orc closely misses you.
The adder bites you. The orc barely misses you.
You slash the adder!
The adder is heavily wounded.
The adder bites you.
The kobold hits you with a +0 short sword.
The orc hits you with a +0 flail!
* * * LOW HITPOINT WARNING * * *
The orc hits you with a +0 mace.
* * * LOW HITPOINT WARNING * * *
The adder bites you.
* * * LOW HITPOINT WARNING * * *
The kobold barely misses you. The jelly hits you but does no damage.
The orc completely misses you.
You see here 20 stones.
The adder bites you.
You die...

........# .....
.....[..##...#.
........>......
......#...<..
#......#
#.oo..###
##.J.K..#
#oS#......
######.@###.##.
#.......# #
#..####<## #.#
#.# #.# #.# #..
##.


You could see a jelly, an adder and 3 orcs.

Vanquished Creatures
  A dart slug (D:1)
  A leopard gecko (D:2)
  2 giant cockroaches (D:1)
  3 goblins
  3 hobgoblins
  11 jackals (D:1)
  2 bats (D:1)
  A frilled lizard (D:2)
  A rat (D:1)
25 creatures vanquished.

Notes
Turn   | Place    | Note
-------+----------+-------------------------------------------
     0 | D:1      | Anon1729 the Ghoul Gladiator began the quest for the Orb.
     0 | D:1      | Reached XP level 1. HP: 17/17 MP: 0/0
   124 | D:1      | Reached XP level 2. HP: 24/24 MP: 1/1
   619 | D:1      | Reached XP level 3. HP: 25/30 MP: 2/2
   951 | D:3      | Slain by an adder

Illustrated notes

Levels and vault maps discovered:
D:1:      minmay_arrival_widening_spiral_wide, layout_rooms,
          minmay_misc_feat_enclosed, minivault_4
D:2:      layout_loops_cross, minmay_vboxes, uniq_crazy_yiuf_cottage
D:3:      layout_rooms, chequers_ecumenical_altar_simple

Skill      XL: |  1  2 |
---------------+-------+-----
Dodging        | 3 |  3.3
Long Blades    | 3 |  3.0
Fighting       | |  2.6
Throwing       | |  1.9

Action                   || total
-------------------------++-------
Melee: Long sword        ||    83
Armor: Leather armour    ||    32
Dodge: Dodged            ||    68
       Rpst.: Long sword ||    20

Table legend: (Time is in decaauts)
 A = Elapsed time spent in this place.
 B = Non-inter-level travel time spent in this place.
 C = Inter-level travel time spent in this place.
 D = Time resting spent in this place.
 E = Time spent auto-exploring this place.
 F = Levels seen in this place.
 G = Mean time per level.
                   A        B        C        D        E       F      G
               +--------+--------+--------+--------+--------+-----+--------+
         Total |    972 |    940 |     32 |    246 |    525 |   3 |  324.0 |
       Dungeon |    972 |    940 |     32 |    246 |    525 |   3 |  324.0 |
               +--------+--------+--------+--------+--------+-----+--------+

Top non-repeatable levels by time:
     D:1: 824 daAuts
     D:2: 130 daAuts
     D:3: 17 daAuts
